 Dungeon Crawl Stone Soup version 0.30.0-29-ga12c61a403 (webtiles) character file.

Game seed: 10270890893908787764

102909 qw the Severer (level 16, -8/104 HPs)
             Began as a Gargoyle Fighter on June 5, 2023.
             Was an Elder of Okawaru.
             Killed by divine providence
             ... invoked by an orc priest
              (17 damage)
             ... on level 2 of the Orcish Mines.
             The game lasted 00:15:02 (22017 turns).

qw the Severer (Gargoyle Fighter)                  Turns: 22017, Time: 00:15:03

Health: -8/104     AC: 43    Str: 34    XL:     16   Next: 34%
Magic:  23/23      EV: 11    Int: 11    God:    Okawaru [****..]
Gold:   1857       SH: 14    Dex:  9    Spells: 15/15 levels left

rFire   + . .        Y - +5 broad axe (elec)
rCold   . . .        v - +1 kite shield {rPois}
rNeg    + . .        B - +3 plate armour {Will+}
rPois   inf          (no helmet)
rElec   +            w - +2 cloak
rCorr   .            o - +2 pair of gloves
SInv    .            m - +2 pair of boots
Will    ++...        y - amulet of Qyecacs {Faith Fly Int+2 Slay+2} Stlth
                     c - +6 ring of strength
HPRegen 0.37/turn    h - ring of protection from fire
MPRegen 0.18/turn

%: faith
@: about to teleport, heroic, flying
A: sickness immunity, AC +12, big wings, negative energy resistance 1,
electricity resistance, torment resistance 1, petrification resistance
a: Renounce Religion, Heroism, Finesse


You were on level 2 of the Orcish Mines.
You worshipped Okawaru.
Okawaru was greatly pleased with you.
You visited 4 branches of the dungeon, and saw 23 of its levels.
You visited the Abyss 1 time.

You collected 1978 gold pieces.
You spent 121 gold pieces at shops.


Innate Abilities, Weirdness & Mutations

You are immune to sickness and miasma.
Your stone body is resilient. (AC +12)
You are immune to poison.
Your large and strong wings let you fly.
You resist negative energy. (rN+)
You are resistant to electric shocks. (rElec)
You are resistant to unholy torment.
You are immune to petrification.


   Skills:
 - Level 13.0(18.0) Fighting
 - Level 17.0(22.0) Axes
 - Level 5.0(10.0) Throwing
 + Level 11.9(16.9) Armour
 - Level 4.2(9.2) Dodging
 - Level 13.0(18.0) Shields
 - Level 10.1 Invocations


You had 15 spell levels left.
You didn't know any spells.
Your spell library was empty.

Inventory:

Hand Weapons
 s - the +10 war axe of Arrival {flame, *Corrode rF+ Dex+5}
   (You found it on level 2 of the Lair of Beasts)

   Dex:       It affects your dexterity (+5).
   rF:        It protects you from fire.
   *Corrode:  It may corrode you when you take damage.
 Y - a +5 broad axe of electrocution (weapon)
Missiles
 x - 3 silver boomerangs
 z - 5 boomerangs
 C - 3 javelins (quivered)
Armour
 k - the +3 hat of Pondering {ponderous, Will+ MP+10 Int+5}
   (You took it off Gastronok on level 3 of the Lair of Beasts)

   Int:       It affects your intelligence (+5).
   MP:        It affects your magic capacity (+10).
   Will:      It increases your willpower.
 m - a +2 pair of boots (worn)
 o - a +2 pair of gloves (worn)
 u - +0 acid dragon scales
 v - a +1 kite shield of poison resistance (worn)
 w - a +2 cloak (worn)
 B - a +3 plate armour of willpower (worn)
Jewellery
 b - a ring of positive energy
 c - a +6 ring of strength (left hand)
 g - the amulet of Tidah {Acrobat Regen+}
   (You acquired it on level 10 of the Dungeon)

   [amulet of the acrobat]

   It increases your evasion while moving and waiting.
   Regen:     It increases your rate of health regeneration.
 h - a ring of protection from fire (right hand)
 r - a ring of ice
 y - the amulet of Qyecacs (around neck) {Faith Fly Int+2 Slay+2}
   (You found it on level 13 of the Dungeon)

   [amulet of faith]

   It allows you to gain divine favour quickly.
   Int:       It affects your intelligence (+2).
   Slay:      It affects your accuracy & damage with ranged weapons and melee
   (+2).
   Fly:       It grants you flight.
Scrolls
 j - 8 scrolls of identify
 q - 6 scrolls of teleportation
Potions
 a - a potion of cancellation
 d - a potion of might
 e - 2 potions of haste
 f - a potion of mutation
 i - a potion of resistance
 l - 2 potions of curing
 n - 2 potions of lignification
 t - 3 potions of attraction

Dungeon Overview and Level Annotations

Branches:
Dungeon (15/15)            Temple (1/1) D:7            Lair (5/5) D:11
  Swamp (0/4) Lair:3       Spider (0/4) Lair:3        Slime (0/5) Lair:5
    Orc (2/2) D:9          Vaults (0/5) D:14         Depths (0/4) D:15
    Elf: Orc:2

Altars:
Ashenzari
Cheibriados
Dithmenos
Elyvilon
Fedhas
Gozag
Hepliaklqana
Kikubaaqudgha
Makhleb
Nemelex Xobeh
Okawaru
Qazlal
Ru
Sif Muna
Trog
Uskayaw
Vehumet
Wu Jian
Xom
Yredelemnul
Zin
The Shining One
Jiyva

Shops:
D:4 :   D:9 [(

Annotations:
D:3 3 runed translucent doors, qw's ghost, amateur GrFi
D:4 1 runed translucent door, qw's ghost, amateur GrFi
D:9 4 runed translucent doors
Lair:2 3 runed translucent doors, qw's ghost, journeyman GrFi


Message History

The orc high priest invokes the aid of Beogh against you.
Beogh smites you!
The orc sorcerer shouts!
You barely miss the orc priest. You slice the orc priest!!
You kill the orc priest!
Okawaru accepts your kill.
An orc priest comes into view. It is wielding a +0 club.
The orc priest miscasts a cantrip.
An orc high priest comes into view. It is wielding a +0 battleaxe.
Enter note: The orc high priest shouts!
An orc priest comes into view. It is wielding a +0 whip.
The orc wizard gestures wildly while chanting.
The orc wizard flickers and vanishes!
Deactivating autopickup; reactivate with Ctrl-A.
The orc priest mumbles some strange prayers to Beogh against you.
You resist with almost no effort.
The orc high priest prays to Beogh.
You hear a shout! x2
Items here: % ))).
Enter note:
Enter note:
Enter note:
Enter note: You closely miss the orc high priest.
You closely miss the orc.
The orc priest calls down the wrath of Beogh upon you.
Beogh smites you!
The orc priest mumbles some strange prayers to Beogh against you.
Beogh smites you!
The orc high priest invokes the aid of Beogh against you.
Beogh smites you! The orc high priest closely misses you.
You hear a shout!
22017 ||| READING 7 scrolls of teleportation.
As you read the scroll of teleportation, it crumbles to dust.
You feel strangely unstable.
The orc high priest hits you but does no damage.
The orc priest mumbles some strange prayers to Beogh against you.
Beogh smites you!
You die...

#......#).##
.......#...#
#.....#))##
#....#..##
#..#)).##
#.)()...#
#o)....##
#.)...##
#@)#..#
#ooo.#..#
#o.oo.#..#
...o...#..#
##oo....#..#
.{o4...##
..o....##
#######


You could see 2 orc high priests, a hellwing (summoned), an orc sorcerer, an orc
warrior, 5 orc priests, 2 orc wizards and an orc.

Vanquished Creatures
  Jorgrun (D:12)
  Gastronok (Lair:3)
  Nessos (Lair:3)
  Snorg (D:12)
  A dire elephant (D:15)
  Erolcha (D:13)
  Fannar (D:12)
  6 hydras
  An ogre mage (D:14)
  8 centaur warriors
  4 vault guards (D:14)
  A catoblepas (Lair:1)
  A death knight (D:15)
  A boulder beetle (D:11)
  8 death yaks (Lair:5)
  A two-headed ogre (D:11)
  2 thrashing horrors (Abyss:2)
  Urug (Orc:1)
  2 orc high priests
  Nergalle (Lair:3)
  3 skysharks
  Amaemon (Lair:3)
  12 skeletal warriors
  A goliath frog (Lair:5)
  A pharaoh ant (Lair:3)
  A death drake (shapeshifter) (D:15)
  2 wizards
  3 orc knights
  8 ugly things
  2 oklob plants (Lair:1)
  A deep elf pyromancer (D:15)
  An orc sorcerer (Orc:1)
  5 cyclopes
  A manticore (D:15)
  14 elephants
  2 black mambas
  An orange demon (Lair:3)
  A torpor snail (Lair:1)
  24 cane toads
  3 gargoyles
  An unseen horror (D:12)
  8 komodo dragons
  A kobold demonologist (D:14)
  A cane toad (shapeshifter) (D:13)
  A komodo dragon (shapeshifter) (D:14)
  4 freezing wraiths
  An ancient zyme (Abyss:2)
  A queen bee (Lair:3)
  A tengu conjurer (D:14)
  A polar bear (shapeshifter) (D:14)
  A hornet (D:9)
  7 trolls
  5 meliai (Lair:3)
  A tyrant leech (Lair:5)
  A tarantella (Lair:3)
  31 blink frogs
  15 dream sheep (Lair:5)
  A jumping spider (Lair:3)
  4 slime creatures
  5 wyverns
  2 water elementals (D:14)
  A spriggan (shapeshifter) (D:13)
  2 shadows
  53 yaks
  A vampire (D:12)
  2 wraiths
  2 redbacks (Lair:3)
  3 steam dragons
  4 basilisks
  4 wargs
  3 acid dragons
  9 vampire mosquitoes
  3 swamp worms (Lair:3)
  13 water moccasins
  A floating eye (shapeshifter) (D:14)
  2 sky beasts (D:7)
  An ice beast (D:7)
  19 orc warriors
  3 black bears
  6 wolves
  22 centaurs
  An ogre (D:6)
  2 phantoms (D:6)
  4 kobold brigands
  2 small abominations (Abyss:2)
  17 bullfrogs
  A gnoll sergeant (D:9)
  A scorpion (D:5)
  10 wights
  33 killer bees
  4 howler monkeys
  5 electric eels
  2 gnoll boudas
  31 orc priests
  3 hounds
  21 jellies
  2 iguanas
  20 orc wizards
  6 adders
  14 gnolls
  A shadow imp (D:7)
  3 white imps
  3 ufetubi
  3 worms
  5 dart slugs
  71 orcs
  6 ball pythons
  9 endoplasms
  7 giant cockroaches
  10 goblins
  8 hobgoblins
  6 jackals (D:1)
  3 quokkas
  8 bats
  26 kobolds
  4 rats
730 creatures vanquished.

Vanquished Creatures (others)
  An orc (D:8)
1 creature vanquished.

Grand Total: 731 creatures vanquished

Notes
Turn   | Place    | Note
-------+----------+-------------------------------------------
     0 | D:1      | qw the Gargoyle Fighter began the quest for the Orb.
     0 | D:1      | Reached XP level 1. HP: 14/14 MP: 1/1
     0 | D:1      | 0 ||| qw: Version: 0.2-a-108-gee2c290
     0 | D:1      | 0 ||| qw: Game counter: 1397
     0 | D:1      | 0 ||| qw: Always use a shield: true
     0 | D:1      | 0 ||| qw: God list: Okawaru
     0 | D:1      | 0 ||| qw: Allow faded altars: false
     0 | D:1      | 0 ||| qw: Do Orc after D:15 true
     0 | D:1      | 0 ||| qw: Do second Lair branch before Depths: true
     0 | D:1      | 0 ||| qw: Lair rune preference: random
     0 | D:1      | 0 ||| qw: Plans: Normal, Zot:1-4, Slime:5, God:TSO, Crypt,
                  | Tomb, Abyss, Pan, Hells, Win
     0 | D:1      | 0 ||| PLANNING D:1-11
    76 | D:1      | Reached skill level 2 in Axes
   180 | D:1      | Reached XP level 2. HP: 17/19 MP: 2/2
   438 | D:1      | Reached skill level 3 in Axes
   466 | D:1      | 466 ||| DROPPING +0 club.
   478 | D:1      | Reached XP level 3. HP: 23/23 MP: 3/3
   938 | D:1      | 938 ||| READING 2 scrolls labelled SIGEATH GOEZ.
   939 | D:1      | 939 ||| DROPPING scroll of blinking.
   959 | D:2      | Found a hazy altar of Hepliaklqana.
  1107 | D:2      | 1107 ||| Stepping ~*~*~tactically~*~*~ (stealth).
  1125 | D:2      | 1125 ||| Stepping ~*~*~tactically~*~*~ (stealth).
  1173 | D:2      | Reached XP level 4. HP: 28/28 MP: 4/4
  1269 | D:2      | Reached skill level 4 in Axes
  1550 | D:2      | 1550 ||| READING scroll labelled SAP QYUWAIGAUCS.
  1551 | D:2      | 1551 ||| READING scroll labelled CIF TARGHITIBE.
  1552 | D:2      | 1552 ||| READING 2 scrolls labelled KOTHAH YGUSHOSH.
  1553 | D:2      | 1553 ||| DRINKING 3 red potions.
  1554 | D:2      | 1554 ||| DRINKING 2 glowing grey potions.
  1555 | D:2      | 1555 ||| DROPPING potion of degeneration.
  1556 | D:2      | 1556 ||| DROPPING scroll of magic mapping.
  1715 | D:3      | Found a faded altar of an unknown god.
  1765 | D:3      | Reached XP level 5. HP: 32/32 MP: 5/5
  1774 | D:3      | 1774 ||| READING scroll of enchant weapon.
  1774 | D:3      | 1774 ||| ENCHANTING +1 war axe.
  1874 | D:3      | 1874 ||| Stepping ~*~*~tactically~*~*~ (stealth).
  2013 | D:3      | Found a runed translucent gate.
  2013 | D:3      | Found a runed translucent gate.
  2013 | D:3      | Found a runed translucent gate.
  2118 | D:3      | Noticed qw's ghost (amateur GrFi)
  2292 | D:3      | 2292 ||| READING scroll labelled JOAXUNL KIGER.
  2293 | D:3      | 2293 ||| READING scroll labelled GUNORE QITZIUS.
  2313 | D:4      | Found Qimaim's Book Boutique.
  2343 | D:4      | 2343 ||| Stepping ~*~*~tactically~*~*~ (stealth).
  2347 | D:4      | 2347 ||| Stepping ~*~*~tactically~*~*~ (stealth).
  2348 | D:4      | 2348 ||| Stepping ~*~*~tactically~*~*~ (stealth).
  2368 | D:4      | Reached skill level 5 in Axes
  2374 | D:4      | 2374 ||| Stepping ~*~*~tactically~*~*~ (stealth).
  2375 | D:4      | 2375 ||| Stepping ~*~*~tactically~*~*~ (stealth).
  2376 | D:4      | 2376 ||| Stepping ~*~*~tactically~*~*~ (stealth).
  2377 | D:4      | 2377 ||| Stepping ~*~*~tactically~*~*~ (stealth).
  2384 | D:4      | 2384 ||| Stepping ~*~*~tactically~*~*~ (hiding).
  2388 | D:4      | 2388 ||| Stepping ~*~*~tactically~*~*~ (hiding).
  2398 | D:4      | HP: 8/32 [gnoll/+0 whip (1)]
  2401 | D:4      | HP: 2/33 [gnoll/+0 spear (4)]
  2509 | D:4      | 2509 ||| Stepping ~*~*~tactically~*~*~ (stealth).
  2526 | D:4      | Identified the +3 leather armour of Chimes {rN+ Will- Int+5
                  | Stlth+}
  2600 | D:4      | 2600 ||| Stepping ~*~*~tactically~*~*~ (stealth).
  2602 | D:4      | 2602 ||| Stepping ~*~*~tactically~*~*~ (hiding).
  2609 | D:4      | 2609 ||| Stepping ~*~*~tactically~*~*~ (stealth).
  2768 | D:4      | 2768 ||| Stepping ~*~*~tactically~*~*~ (stealth).
  2769 | D:4      | 2769 ||| Stepping ~*~*~tactically~*~*~ (stealth).
  2770 | D:4      | 2770 ||| Stepping ~*~*~tactically~*~*~ (stealth).
  2780 | D:4      | Reached XP level 6. HP: 37/38 MP: 6/6
  2789 | D:4      | Reached skill level 1 in Dodging
  2927 | D:4      | 2927 ||| Stepping ~*~*~tactically~*~*~ (hiding).
  2930 | D:4      | 2930 ||| Stepping ~*~*~tactically~*~*~ (hiding).
  3067 | D:4      | 3067 ||| Stepping ~*~*~tactically~*~*~ (stealth).
  3073 | D:4      | 3073 ||| Stepping ~*~*~tactically~*~*~ (hiding).
  3166 | D:4      | Found a runed translucent door.
  3285 | D:4      | Noticed qw's ghost (amateur GrFi)
  3371 | D:4      | 3371 ||| Stepping ~*~*~tactically~*~*~ (hiding).
  3425 | D:4      | 3425 ||| DROPPING +3 leather armour of Chimes {rN+ Will-
                  | Int+5 Stlth+}.
  3426 | D:4      | 3426 ||| UPGRADING to +0 pair of gloves.
  3431 | D:4      | 3431 ||| READING scroll of enchant armour.
  3431 | D:4      | 3431 ||| ENCHANTING +0 pair of gloves.
  3432 | D:4      | 3432 ||| READING scroll labelled OWUSMOTHRUK.
  3494 | D:4      | 3494 ||| READING 2 scrolls labelled TAF ZEUMNI.
  3495 | D:4      | 3495 ||| DROPPING scroll of vulnerability.
  3522 | D:5      | Entered Level 5 of the Dungeon
  3616 | D:5      | 3616 ||| SWAPPING to +2 vampiric hand axe.
  3643 | D:5      | Found a shimmering altar of Xom.
  3679 | D:5      | 3679 ||| DROPPING +0 mace.
  3798 | D:5      | Reached skill level 6 in Axes
  3798 | D:5      | Reached XP level 7. HP: 43/43 MP: 7/7
  3855 | D:5      | Identified the +8 rapier of War {antimagic, Str+3 Stlth+}
  4453 | D:5      | 4453 ||| UPGRADING to +0 chain mail.
  4463 | D:5      | 4463 ||| DROPPING +0 scale mail.
  4464 | D:5      | 4464 ||| DROPPING +1 pair of gloves.
  4465 | D:5      | 4465 ||| READING scroll labelled YMIUFY JAS DOV.
  4497 | D:5      | 4497 ||| READING scroll labelled UHIXOWK TEXKU.
  4562 | D:6      | Reached skill level 7 in Axes
  4588 | D:6      | 4588 ||| Stepping ~*~*~tactically~*~*~ (stealth).
  4694 | D:6      | 4694 ||| Stepping ~*~*~tactically~*~*~ (stealth).
  4747 | D:6      | Reached XP level 8. HP: 49/49 MP: 8/8
  4750 | D:6      | 4750 ||| Stepping ~*~*~tactically~*~*~ (hiding).
  4751 | D:6      | 4751 ||| Stepping ~*~*~tactically~*~*~ (hiding).
  4755 | D:6      | 4755 ||| Stepping ~*~*~tactically~*~*~ (hiding).
  4756 | D:6      | 4756 ||| Stepping ~*~*~tactically~*~*~ (hiding).
  4851 | D:6      | Identified the +0 plate armour "Erysem" {Dex+5}
  4896 | D:6      | 4896 ||| Stepping ~*~*~tactically~*~*~ (hiding).
  4908 | D:6      | 4908 ||| Stepping ~*~*~tactically~*~*~ (hiding).
  5044 | D:6      | Reached skill level 1 in Throwing
  5165 | D:6      | 5165 ||| DROPPING +1 ring mail of cold resistance.
  5166 | D:6      | 5166 ||| UPGRADING to +0 plate armour "Erysem" {Dex+5}.
  5176 | D:6      | 5176 ||| DROPPING +0 chain mail.
  5177 | D:6      | 5177 ||| UPGRADING to ring of positive energy.
  5178 | D:6      | 5178 ||| READING scroll labelled GOCUILO WYTUI.
  5179 | D:6      | 5179 ||| DRINKING 2 white potions.
  5285 | D:7      | Noticed a troll
  5287 | D:7      | 5287 ||| Stepping ~*~*~tactically~*~*~ (stealth).
  5305 | D:7      | Killed a troll
  5309 | D:7      | Reached skill level 8 in Axes
  5419 | D:7      | Reached skill level 6 in Fighting
  5655 | D:7      | Reached XP level 9. HP: 55/55 MP: 9/9
  5661 | D:7      | 5661 ||| Stepping ~*~*~tactically~*~*~ (hiding).
  5784 | D:7      | 5784 ||| Stepping ~*~*~tactically~*~*~ (stealth).
  6050 | D:7      | Noticed a troll
  6068 | D:7      | Reached skill level 9 in Axes
  6078 | D:7      | Killed a troll
  6086 | D:7      | HP: 8/55 [ice beast (11)]
  6087 | D:7      | 6087 ||| READING 4 scrolls of teleportation.
  6275 | D:7      | 6275 ||| Stepping ~*~*~tactically~*~*~ (stealth).
  6353 | D:7      | Found the +18 Lear's hauberk
  6436 | D:7      | Found a staircase to the Ecumenical Temple.
  6437 | D:7      | 6437 ||| PLANNING TEMPLE
  6437 | D:7      | 6437 ||| UPGRADING to +0 pair of boots.
  6466 | Temple   | Entered the Ecumenical Temple
  6468 | Temple   | 6468 ||| PLANNING OKAWARU WORSHIP
  6520 | Temple   | Became a worshipper of Warmaster Okawaru
  6520 | Temple   | 6520 ||| PLANNING D:1-11
  6628 | D:7      | 6628 ||| DRINKING 2 ruby potions.
  6733 | D:7      | 6733 ||| DROPPING potion of berserk rage.
  6741 | D:8      | 6741 ||| STAIRDANCE
  6812 | D:8      | 6812 ||| STAIRDANCE
  6821 | D:7      | Reached skill level 6 in Armour
  6902 | D:7      | 6902 ||| DROPPING +0 flail.
  7103 | D:8      | 7103 ||| FLEEEEING.
  7104 | D:8      | 7104 ||| FLEEEEING.
  7107 | D:8      | 7107 ||| FLEEEEING.
  7113 | D:8      | 7113 ||| STAIRDANCE
  7136 | D:7      | 7136 ||| READING scroll labelled SUETAU JAQODGH.
  7237 | D:8      | Reached * piety under Okawaru
  7311 | D:8      | 7311 ||| INVOKING Heroism.
  7351 | D:8      | You fall into a shaft and drop 2 floors!
  7351 | D:10     | Entered Level 10 of the Dungeon
  7362 | D:10     | 7362 ||| Stepping ~*~*~tactically~*~*~ (hiding).
  7366 | D:10     | 7366 ||| INVOKING Heroism.
  7404 | D:10     | Found a burning altar of Makhleb.
  7486 | D:10     | 7486 ||| Stepping ~*~*~tactically~*~*~ (stealth).
  7495 | D:10     | 7495 ||| Stepping ~*~*~tactically~*~*~ (hiding).
  7496 | D:10     | 7496 ||| INVOKING Heroism.
  7520 | D:10     | Reached XP level 10. HP: 51/63 MP: 10/10
  7521 | D:10     | Reached skill level 10 in Axes
  7577 | D:10     | Reached skill level 1 in Invocations
  7593 | D:10     | 7593 ||| Stepping ~*~*~tactically~*~*~ (hiding).
  7595 | D:10     | 7595 ||| Stepping ~*~*~tactically~*~*~ (hiding).
  7596 | D:10     | 7596 ||| Stepping ~*~*~tactically~*~*~ (hiding).
  7597 | D:10     | 7597 ||| Stepping ~*~*~tactically~*~*~ (hiding).
  7621 | D:10     | 7621 ||| Stepping ~*~*~tactically~*~*~ (stealth).
  7634 | D:10     | 7634 ||| READING scroll labelled WIADOCHIQEPT.
  7634 | D:10     | Identified a scroll of acquirement
  7634 | D:10     | 7634 ||| ACQUIRING amulet of Tidah {Acrobat Regen+}
  7634 | D:10     | Acquired the amulet of Tidah {Acrobat Regen+}
  7645 | D:10     | 7645 ||| DRINKING 2 yellow potions.
  7761 | D:10     | 7761 ||| Stepping ~*~*~tactically~*~*~ (stealth).
  7783 | D:10     | 7783 ||| INVOKING Heroism.
  7791 | D:10     | Reached skill level 3 in Invocations
  7914 | D:10     | 7914 ||| UPGRADING to amulet of Tidah {Acrobat Regen+}.
  7923 | D:10     | Found a blossoming altar of Fedhas.
  8017 | D:8      | 8017 ||| Stepping ~*~*~tactically~*~*~ (hiding).
  8138 | D:8      | Paralysed by an orc for 2 turns
  8320 | D:8      | 8320 ||| Stepping ~*~*~tactically~*~*~ (stealth).
  8423 | D:8      | Reached ** piety under Okawaru
  8437 | D:8      | 8437 ||| DROPPING amulet of guardian spirit.
  8438 | D:8      | 8438 ||| READING scroll labelled XAOHAMIGASAL.
  8439 | D:8      | 8439 ||| READING 3 scrolls of identify.
  8439 | D:8      | 8439 ||| IDENTIFYING viscous white potion
  8440 | D:8      | 8440 ||| READING 2 scrolls of identify.
  8440 | D:8      | 8440 ||| IDENTIFYING black potion
  8441 | D:8      | 8441 ||| DROPPING potion of brilliance.
  8456 | D:8      | 8456 ||| READING scroll of enchant weapon.
  8456 | D:8      | 8456 ||| ENCHANTING +2 vampiric hand axe.
  8607 | D:9      | Found a staircase to the Orcish Mines.
  8621 | D:9      | 8621 ||| Stepping ~*~*~tactically~*~*~ (hiding).
  8622 | D:9      | 8622 ||| Stepping ~*~*~tactically~*~*~ (hiding).
  8737 | D:9      | 8737 ||| READING scroll of enchant weapon.
  8737 | D:9      | 8737 ||| ENCHANTING +3 vampiric hand axe.
  8757 | D:9      | 8757 ||| INVOKING Heroism.
  8800 | D:9      | 8800 ||| Stepping ~*~*~tactically~*~*~ (stealth).
  8801 | D:9      | 8801 ||| Stepping ~*~*~tactically~*~*~ (stealth).
  8889 | D:9      | Found Woticw Misa's Antique Weapon Emporium.
  9016 | D:9      | Reached *** piety under Okawaru
  9017 | D:9      | Reached skill level 11 in Axes
  9039 | D:9      | Reached skill level 9 in Fighting
  9039 | D:9      | Reached XP level 11. HP: 70/71 MP: 14/14
  9100 | D:9      | Found a hide-covered altar of Uskayaw.
  9100 | D:9      | Found an opulent altar of Gozag.
  9105 | D:9      | Found a hazy altar of Hepliaklqana.
  9108 | D:9      | Found a stormy altar of Qazlal.
  9110 | D:9      | Found a sacrificial altar of Ru.
  9115 | D:9      | Found a radiant altar of Vehumet.
  9209 | D:9      | Found Syukiajiot's Antique Armour Emporium.
  9212 | D:9      | 9212 ||| Stepping ~*~*~tactically~*~*~ (stealth).
  9219 | D:9      | 9219 ||| Stepping ~*~*~tactically~*~*~ (stealth).
  9231 | D:9      | 9231 ||| INVOKING Heroism.
  9266 | D:9      | 9266 ||| BUYING cloak (121 gold).
  9266 | D:9      | Bought a cloak for 121 gold pieces
  9277 | D:9      | Found a runed translucent door.
  9298 | D:9      | Found a runed translucent door.
  9302 | D:9      | 9302 ||| READING 3 scrolls of enchant armour.
  9302 | D:9      | 9302 ||| ENCHANTING +1 pair of gloves.
  9303 | D:9      | 9303 ||| READING 2 scrolls of enchant armour.
  9303 | D:9      | 9303 ||| ENCHANTING +0 pair of boots.
  9304 | D:9      | 9304 ||| READING scroll of enchant armour.
  9304 | D:9      | 9304 ||| ENCHANTING +1 pair of boots.
  9317 | D:9      | 9317 ||| Stepping ~*~*~tactically~*~*~ (stealth).
  9326 | D:9      | Found a runed translucent door.
  9349 | D:9      | Found a runed translucent door.
  9457 | D:9      | 9457 ||| INVOKING Heroism.
  9514 | D:9      | 9514 ||| UPGRADING to +1 kite shield of poison resistance.
  9524 | D:9      | 9524 ||| DROPPING +0 buckler.
  9525 | D:9      | 9525 ||| UPGRADING to +0 cloak.
  9530 | D:9      | 9530 ||| UPGRADING to ring of protection from fire.
  9531 | D:9      | 9531 ||| READING scroll labelled PUUSEA ELACW.
  9532 | D:9      | 9532 ||| READING 4 scrolls of identify.
  9532 | D:9      | 9532 ||| IDENTIFYING inky potion
  9533 | D:9      | 9533 ||| READING 3 scrolls of identify.
  9533 | D:9      | 9533 ||| IDENTIFYING emerald potion
  9595 | D:10     | 9595 ||| READING scroll of enchant armour.
  9595 | D:10     | 9595 ||| ENCHANTING +0 cloak.
  9760 | D:10     | Found a bloodstained altar of Trog.
  9763 | D:10     | 9763 ||| Stepping ~*~*~tactically~*~*~ (stealth).
  9813 | D:10     | Found an ancient bone altar of Kikubaaqudgha.
  9841 | D:10     | 9841 ||| INVOKING Heroism.
  9942 | D:10     | 9942 ||| UPGRADING to +6 ring of strength.
 10111 | D:11     | Noticed a two-headed ogre
 10112 | D:11     | 10112 ||| Stepping ~*~*~tactically~*~*~ (stealth).
 10114 | D:11     | 10114 ||| INVOKING Heroism.
 10118 | D:11     | 10118 ||| Stepping ~*~*~tactically~*~*~ (stealth).
 10119 | D:11     | 10119 ||| Stepping ~*~*~tactically~*~*~ (stealth).
 10127 | D:11     | Killed a two-headed ogre
 10128 | D:11     | Reached skill level 6 in Shields
 10130 | D:11     | 10130 ||| Stepping ~*~*~tactically~*~*~ (hiding).
 10214 | D:11     | 10214 ||| Stepping ~*~*~tactically~*~*~ (hiding).
 10220 | D:11     | 10220 ||| INVOKING Heroism.
 10221 | D:11     | 10221 ||| Stepping ~*~*~tactically~*~*~ (hiding).
 10249 | D:11     | Found a staircase to the Lair.
 10521 | D:11     | 10521 ||| INVOKING Heroism.
 10521 | D:11     | Noticed a boulder beetle
 10524 | D:11     | 10524 ||| Stepping ~*~*~tactically~*~*~ (stealth).
 10529 | D:11     | Received a gift from Okawaru
 10545 | D:11     | 10545 ||| INVOKING Heroism.
 10545 | D:11     | Noticed a centaur warrior
 10569 | D:11     | 10569 ||| INVOKING Heroism.
 10570 | D:11     | Killed a centaur warrior
 10586 | D:11     | 10586 ||| DRINKING potion of curing.
 10586 | D:11     | 10586 ||| (to cure confusion)
 10591 | D:11     | 10591 ||| INVOKING Heroism.
 10636 | D:11     | 10636 ||| INVOKING Heroism.
 10644 | D:11     | Killed a boulder beetle
 10645 | D:11     | Reached skill level 9 in Shields
 10687 | D:11     | 10687 ||| Stepping ~*~*~tactically~*~*~ (hiding).
 11262 | D:11     | 11262 ||| PLANNING LAIR
 11304 | Lair:1   | Entered Level 1 of the Lair of Beasts
 11314 | Lair:1   | 11314 ||| INVOKING Heroism.
 11373 | Lair:1   | 11373 ||| Stepping ~*~*~tactically~*~*~ (stealth).
 11418 | Lair:1   | Reached **** piety under Okawaru
 11473 | Lair:1   | Found a blossoming altar of Fedhas.
 11476 | Lair:1   | Noticed an oklob plant
 11477 | Lair:1   | 11477 ||| INVOKING Heroism.
 11478 | Lair:1   | Noticed an oklob plant
 11489 | Lair:1   | 11489 ||| DRINKING 2 potions of cancellation.
 11498 | Lair:1   | HP: 9/71 [oklob plant/splash of acid (15)]
 11499 | Lair:1   | 11499 ||| READING 7 scrolls of teleportation.
 11500 | Lair:1   | 11500 ||| DRINKING 2 potions of heal wounds.
 11501 | Lair:1   | 11501 ||| DRINKING potion of heal wounds.
 11505 | Lair:1   | Killed an oklob plant
 11512 | Lair:1   | Reached XP level 12. HP: 44/76 MP: 15/15
 11513 | Lair:1   | 11513 ||| INVOKING Heroism.
 11542 | Lair:1   | Reached skill level 3 in Dodging
 11574 | Lair:1   | 11574 ||| Stepping ~*~*~tactically~*~*~ (stealth).
 11575 | Lair:1   | 11575 ||| Stepping ~*~*~tactically~*~*~ (stealth).
 11577 | Lair:1   | 11577 ||| Stepping ~*~*~tactically~*~*~ (stealth).
 11731 | Lair:1   | Noticed a catoblepas
 11732 | Lair:1   | 11732 ||| Stepping ~*~*~tactically~*~*~ (hiding).
 11735 | Lair:1   | 11735 ||| INVOKING Heroism.
 11751 | Lair:1   | Killed a catoblepas
 12066 | Lair:1   | 12066 ||| INVOKING Heroism.
 12068 | Lair:1   | Reached skill level 6 in Invocations
 12118 | Lair:1   | Reached skill level 12 in Axes
 12214 | Lair:1   | 12214 ||| INVOKING Heroism.
 12227 | Lair:1   | 12227 ||| DRINKING potion of cancellation.
 12402 | Lair:1   | 12402 ||| DROPPING amulet of regeneration.
 12403 | Lair:1   | 12403 ||| READING 2 scrolls of identify.
 12403 | Lair:1   | 12403 ||| IDENTIFYING glowing blue potion
 12404 | Lair:1   | 12404 ||| DROPPING potion of ambrosia.
 12621 | Lair:2   | Identified the +10 war axe of Arrival {flame, *Corrode rF+
                  | Dex+5}
 12623 | Lair:2   | 12623 ||| SWAPPING to +10 war axe of Arrival {flame,
                  | *Corrode rF+ Dex+5}.
 12624 | Lair:2   | 12624 ||| DROPPING +0 morningstar.
 12625 | Lair:2   | 12625 ||| DROPPING +4 vampiric hand axe.
 12678 | Lair:2   | 12678 ||| Stepping ~*~*~tactically~*~*~ (stealth).
 12711 | Lair:2   | Found the +3 salamander hide armour {Flames, rFlCloud rF++
                  | rC--}
 12754 | Lair:2   | 12754 ||| INVOKING Heroism.
 12763 | Lair:2   | Reached skill level 9 in Armour
 12783 | Lair:2   | Noticed a four-headed hydra
 12790 | Lair:2   | 12790 ||| INVOKING Heroism.
 12791 | Lair:2   | Killed a one-headed hydra
 12814 | Lair:2   | 12814 ||| Stepping ~*~*~tactically~*~*~ (stealth).
 13029 | Lair:2   | Found a runed translucent gate.
 13029 | Lair:2   | Found a runed translucent gate.
 13029 | Lair:2   | Found a runed translucent gate.
 13030 | Lair:2   | Noticed qw's ghost (journeyman GrFi)
 13206 | Lair:2   | Found a viscous altar of Jiyva.
 13207 | Lair:2   | 13207 ||| READING 2 scrolls of identify.
 13207 | Lair:2   | 13207 ||| IDENTIFYING metallic white potion
 13259 | Lair:3   | Reached ***** piety under Okawaru
 13265 | Lair:3   | 13265 ||| FLEEEEING.
 13267 | Lair:3   | 13267 ||| INVOKING Heroism.
 13300 | Lair:3   | Found a hole to the Spider Nest.
 13368 | Lair:3   | Reached skill level 9 in Invocations
 13388 | Lair:3   | 13388 ||| Stepping ~*~*~tactically~*~*~ (stealth).
 13390 | Lair:3   | 13390 ||| Stepping ~*~*~tactically~*~*~ (stealth).
 13511 | Lair:3   | Noticed a five-headed hydra
 13512 | Lair:3   | 13512 ||| INVOKING Heroism.
 13513 | Lair:3   | Noticed Nessos
 13514 | Lair:3   | 13514 ||| Stepping ~*~*~tactically~*~*~ (stealth).
 13517 | Lair:3   | 13517 ||| Stepping ~*~*~tactically~*~*~ (stealth).
 13519 | Lair:3   | 13519 ||| INVOKING Finesse.
 13522 | Lair:3   | Killed a two-headed hydra
 13523 | Lair:3   | Reached XP level 13. HP: 61/80 MP: 12/19
 13526 | Lair:3   | Killed Nessos
 13577 | Lair:3   | 13577 ||| INVOKING Heroism.
 13739 | Lair:3   | 13739 ||| Stepping ~*~*~tactically~*~*~ (stealth).
 13765 | Lair:3   | 13765 ||| INVOKING Heroism.
 13767 | Lair:3   | Noticed Gastronok
 13776 | Lair:3   | Noticed Amaemon
 13787 | Lair:3   | Killed Gastronok
 13787 | Lair:3   | Received a gift from Okawaru
 13790 | Lair:3   | Killed Amaemon
 13810 | Lair:3   | 13810 ||| INVOKING Heroism.
 13841 | Lair:3   | 13841 ||| INVOKING Heroism.
 13858 | Lair:3   | 13858 ||| SWAPPING to +3 broad axe of electrocution.
 13859 | Lair:3   | 13859 ||| DROPPING +2 war axe.
 13860 | Lair:3   | 13860 ||| READING scroll of enchant weapon.
 13860 | Lair:3   | 13860 ||| ENCHANTING +3 broad axe of electrocution.
 13873 | Lair:3   | 13873 ||| Stepping ~*~*~tactically~*~*~ (stealth).
 13886 | Lair:3   | Found a staircase to the Swamp.
 13887 | Lair:3   | 13887 ||| INVOKING Heroism.
 13888 | Lair:3   | 13888 ||| INVOKING Finesse.
 13890 | Lair:3   | 13890 ||| SWAPPING to +10 war axe of Arrival {flame,
                  | *Corrode rF+ Dex+5}.
 13901 | Lair:3   | 13901 ||| SWAPPING to +4 broad axe of electrocution.
 14103 | Lair:3   | Noticed Nergalle
 14104 | Lair:3   | 14104 ||| Stepping ~*~*~tactically~*~*~ (hiding).
 14105 | Lair:3   | 14105 ||| Stepping ~*~*~tactically~*~*~ (hiding).
 14108 | Lair:3   | 14108 ||| INVOKING Heroism.
 14126 | Lair:3   | Killed Nergalle
 14243 | Lair:3   | 14243 ||| Stepping ~*~*~tactically~*~*~ (hiding).
 14244 | Lair:3   | 14244 ||| INVOKING Heroism.
 14258 | Lair:3   | 14258 ||| Stepping ~*~*~tactically~*~*~ (hiding).
 14260 | Lair:3   | 14260 ||| Stepping ~*~*~tactically~*~*~ (hiding).
 14289 | Lair:3   | 14289 ||| INVOKING Heroism.
 14329 | Lair:3   | Reached skill level 13 in Axes
 14334 | Lair:3   | 14334 ||| Stepping ~*~*~tactically~*~*~ (stealth).
 14346 | Lair:3   | 14346 ||| Stepping ~*~*~tactically~*~*~ (stealth).
 14377 | Lair:3   | Received a gift from Okawaru
 14403 | Lair:3   | 14403 ||| INVOKING Heroism.
 14404 | Lair:3   | 14404 ||| Stepping ~*~*~tactically~*~*~ (stealth).
 14423 | Lair:3   | Reached skill level 3 in Throwing
 14452 | Lair:3   | 14452 ||| Stepping ~*~*~tactically~*~*~ (stealth).
 14453 | Lair:3   | 14453 ||| Stepping ~*~*~tactically~*~*~ (stealth).
 14455 | Lair:3   | 14455 ||| Stepping ~*~*~tactically~*~*~ (stealth).
 14705 | Lair:3   | 14705 ||| READING scroll labelled PITHUSKI SOMMU.
 14739 | Lair:3   | 14739 ||| Stepping ~*~*~tactically~*~*~ (stealth).
 14740 | Lair:3   | 14740 ||| Stepping ~*~*~tactically~*~*~ (stealth).
 14741 | Lair:3   | 14741 ||| Stepping ~*~*~tactically~*~*~ (stealth).
 14798 | Lair:4   | Received a gift from Okawaru
 14851 | Lair:4   | 14851 ||| INVOKING Heroism.
 15605 | Lair:5   | Entered Level 5 of the Lair of Beasts
 15605 | Lair:5   | Found a dark tunnel.
 15616 | Lair:5   | 15616 ||| Stepping ~*~*~tactically~*~*~ (stealth).
 15642 | Lair:5   | 15642 ||| INVOKING Heroism.
 15651 | Lair:5   | Gained mutation: Your large and strong wings let you fly.
                  | [Gargoyle growth]
 15651 | Lair:5   | Reached XP level 14. HP: 88/88 MP: 19/21
 15711 | Lair:5   | 15711 ||| INVOKING Heroism.
 15714 | Lair:5   | 15714 ||| Stepping ~*~*~tactically~*~*~ (stealth).
 15717 | Lair:5   | 15717 ||| SWAPPING to +10 war axe of Arrival {flame,
                  | *Corrode rF+ Dex+5}.
 15723 | Lair:5   | 15723 ||| SWAPPING to +4 broad axe of electrocution.
 15739 | Lair:5   | 15739 ||| FLEEEEING.
 15740 | Lair:5   | 15740 ||| FLEEEEING.
 15742 | Lair:5   | 15742 ||| Stepping ~*~*~tactically~*~*~ (stealth).
 15757 | Lair:5   | 15757 ||| Stepping ~*~*~tactically~*~*~ (stealth).
 15759 | Lair:5   | 15759 ||| Stepping ~*~*~tactically~*~*~ (stealth).
 15760 | Lair:5   | 15760 ||| Stepping ~*~*~tactically~*~*~ (stealth).
 15760 | Lair:5   | Found a staircase to the Slime Pits.
 15760 | Lair:5   | Found a viscous altar of Jiyva.
 15786 | Lair:5   | 15786 ||| INVOKING Heroism.
 15803 | Lair:5   | Reached skill level 14 in Axes
 15815 | Lair:5   | 15815 ||| INVOKING Heroism.
 15931 | Lair:5   | 15931 ||| Stepping ~*~*~tactically~*~*~ (stealth).
 15971 | Lair:5   | 15971 ||| Stepping ~*~*~tactically~*~*~ (stealth).
 16067 | Lair:5   | 16067 ||| Stepping ~*~*~tactically~*~*~ (stealth).
 16240 | Lair:5   | Reached skill level 12 in Shields
 16249 | Lair:5   | 16249 ||| Stepping ~*~*~tactically~*~*~ (stealth).
 16252 | Lair:5   | 16252 ||| Stepping ~*~*~tactically~*~*~ (stealth).
 16280 | Lair:5   | 16280 ||| Stepping ~*~*~tactically~*~*~ (stealth).
 16282 | Lair:5   | 16282 ||| Stepping ~*~*~tactically~*~*~ (stealth).
 16385 | Lair:5   | Received a gift from Okawaru
 16420 | Lair:5   | 16420 ||| Stepping ~*~*~tactically~*~*~ (stealth).
 16421 | Lair:5   | 16421 ||| Stepping ~*~*~tactically~*~*~ (stealth).
 16520 | Lair:5   | 16520 ||| INVOKING Heroism.
 16522 | Lair:5   | 16522 ||| INVOKING Finesse.
 16544 | Lair:5   | Reached skill level 15 in Axes
 16558 | Lair:5   | 16558 ||| Stepping ~*~*~tactically~*~*~ (stealth).
 16562 | Lair:5   | Received a gift from Okawaru
 16565 | Lair:5   | 16565 ||| Stepping ~*~*~tactically~*~*~ (stealth).
 16579 | Lair:5   | Reached XP level 15. HP: 94/94 MP: 19/22
 16615 | Lair:5   | 16615 ||| READING scroll of enchant armour.
 16615 | Lair:5   | 16615 ||| ENCHANTING +1 cloak.
 16921 | Lair:5   | 16921 ||| PLANNING D
 16921 | Lair:5   | 16921 ||| READING 3 scrolls of identify.
 16921 | Lair:5   | 16921 ||| IDENTIFYING bubbling puce potion
 17031 | D:12     | Noticed Jorgrun
 17032 | D:12     | 17032 ||| INVOKING Heroism.
 17033 | D:12     | 17033 ||| INVOKING Finesse.
 17034 | D:12     | Noticed Fannar
 17043 | D:12     | Killed Jorgrun
 17043 | D:12     | Noticed Snorg
 17056 | D:12     | Killed Fannar
 17062 | D:12     | 17062 ||| INVOKING Heroism.
 17071 | D:12     | Killed Snorg
 17242 | D:12     | 17242 ||| READING scroll of enchant weapon.
 17242 | D:12     | 17242 ||| ENCHANTING +4 broad axe of electrocution.
 17244 | D:12     | 17244 ||| Stepping ~*~*~tactically~*~*~ (hiding).
 17245 | D:12     | 17245 ||| Stepping ~*~*~tactically~*~*~ (hiding).
 17246 | D:12     | 17246 ||| Stepping ~*~*~tactically~*~*~ (hiding).
 17304 | D:12     | 17304 ||| Stepping ~*~*~tactically~*~*~ (hiding).
 17311 | D:12     | 17311 ||| Stepping ~*~*~tactically~*~*~ (hiding).
 17312 | D:12     | 17312 ||| Stepping ~*~*~tactically~*~*~ (hiding).
 17378 | D:12     | Reached skill level 12 in Fighting
 17757 | D:12     | 17757 ||| INVOKING Heroism.
 17962 | D:13     | 17962 ||| INVOKING Heroism.
 17963 | D:13     | 17963 ||| INVOKING Finesse.
 17964 | D:13     | 17964 ||| SWAPPING to +10 war axe of Arrival {flame,
                  | *Corrode rF+ Dex+5}.
 17967 | D:13     | 17967 ||| SWAPPING to +5 broad axe of electrocution.
 18026 | D:13     | 18026 ||| Stepping ~*~*~tactically~*~*~ (stealth).
 18064 | D:13     | Identified the amulet of Qyecacs {Faith Fly Int+2 Slay+2}
 18225 | D:13     | 18225 ||| Stepping ~*~*~tactically~*~*~ (stealth).
 18233 | D:13     | 18233 ||| Stepping ~*~*~tactically~*~*~ (hiding).
 18240 | D:13     | 18240 ||| Stepping ~*~*~tactically~*~*~ (hiding).
 18261 | D:13     | Noticed Erolcha
 18262 | D:13     | 18262 ||| Stepping ~*~*~tactically~*~*~ (hiding).
 18272 | D:13     | Killed Erolcha
 18305 | D:13     | 18305 ||| Stepping ~*~*~tactically~*~*~ (hiding).
 18444 | D:13     | Received a gift from Okawaru
 18531 | D:13     | 18531 ||| UPGRADING to amulet of Qyecacs {Faith Fly Int+2
                  | Slay+2}.
 18578 | D:14     | 18578 ||| Stepping ~*~*~tactically~*~*~ (stealth).
 18618 | D:14     | 18618 ||| INVOKING Heroism.
 18820 | Abyss:2  | Cast into level 2 of the Abyss (a wizard)
 18841 | Abyss:2  | 18841 ||| Stepping ~*~*~tactically~*~*~ (hiding).
 18842 | Abyss:2  | 18842 ||| Stepping ~*~*~tactically~*~*~ (hiding).
 18884 | Abyss:2  | Reached skill level 16 in Axes
 18893 | Abyss:2  | 18893 ||| Stepping ~*~*~tactically~*~*~ (stealth).
 18910 | Abyss:2  | 18910 ||| READING 7 scrolls of identify.
 18910 | Abyss:2  | 18910 ||| IDENTIFYING golden potion
 18911 | Abyss:2  | 18911 ||| DROPPING potion of flight.
 18917 | Abyss:2  | 18917 ||| Stepping ~*~*~tactically~*~*~ (stealth).
 18920 | D:14     | Escaped the Abyss
 18921 | D:14     | 18921 ||| Stepping ~*~*~tactically~*~*~ (hiding).
 18925 | D:14     | 18925 ||| Stepping ~*~*~tactically~*~*~ (hiding).
 18944 | D:14     | 18944 ||| INVOKING Heroism.
 18977 | D:14     | Identified the +3 dire flail "Jeagaokoxt" {heavy, Drain
                  | rElec rC++ Int+2} (Okawaru gifted it to you on level 14 of
                  | the Dungeon)
 18977 | D:14     | Received a gift from Okawaru
 19013 | D:14     | 19013 ||| Stepping ~*~*~tactically~*~*~ (hiding).
 19015 | D:14     | 19015 ||| INVOKING Heroism.
 19060 | D:14     | 19060 ||| INVOKING Heroism.
 19359 | D:14     | 19359 ||| INVOKING Heroism.
 19429 | D:14     | 19429 ||| INVOKING Heroism.
 19470 | D:14     | Found a gate to the Vaults.
 19566 | D:14     | Found a white marble altar of Elyvilon.
 19768 | D:15     | Entered Level 15 of the Dungeon
 19799 | D:15     | 19799 ||| Stepping ~*~*~tactically~*~*~ (hiding).
 19801 | D:15     | 19801 ||| Stepping ~*~*~tactically~*~*~ (hiding).
 19811 | D:15     | Received a gift from Okawaru
 19909 | D:15     | 19909 ||| Stepping ~*~*~tactically~*~*~ (stealth).
 19911 | D:15     | 19911 ||| Stepping ~*~*~tactically~*~*~ (hiding).
 19916 | D:15     | 19916 ||| INVOKING Heroism.
 19927 | D:15     | Reached XP level 16. HP: 72/101 MP: 21/23
 19927 | D:15     | Identified the +1 hand axe of the Wasp {heavy, rPois Will+}
                  | (Okawaru gifted it to you on level 15 of the Dungeon)
 19927 | D:15     | Received a gift from Okawaru
 20026 | D:15     | 20026 ||| INVOKING Heroism.
 20027 | D:15     | 20027 ||| Stepping ~*~*~tactically~*~*~ (stealth).
 20066 | D:15     | 20066 ||| Stepping ~*~*~tactically~*~*~ (hiding).
 20067 | D:15     | 20067 ||| Stepping ~*~*~tactically~*~*~ (hiding).
 20075 | D:15     | Reached skill level 17 in Axes
 20199 | D:15     | 20199 ||| INVOKING Heroism.
 20751 | D:15     | 20751 ||| INVOKING Heroism.
 20838 | D:15     | Found a staircase to the Depths.
 20939 | D:15     | 20939 ||| PLANNING ORC
 21093 | Orc:1    | Entered Level 1 of the Orcish Mines
 21093 | Orc:1    | Noticed Urug
 21094 | Orc:1    | 21094 ||| INVOKING Heroism.
 21097 | Orc:1    | 21097 ||| INVOKING Finesse.
 21106 | Orc:1    | Found a shimmering blue altar of Sif Muna.
 21111 | Orc:1    | Killed Urug
 21135 | Orc:1    | HP: 26/104 [orc high priest/+0 trident (7)]
 21136 | Orc:1    | 21136 ||| READING 8 scrolls of teleportation.
 21140 | Orc:1    | 21140 ||| INVOKING Heroism.
 21174 | Orc:1    | 21174 ||| Stepping ~*~*~tactically~*~*~ (stealth).
 21224 | Orc:1    | 21224 ||| Stepping ~*~*~tactically~*~*~ (stealth).
 21232 | Orc:1    | 21232 ||| Stepping ~*~*~tactically~*~*~ (stealth).
 21234 | Orc:1    | 21234 ||| Stepping ~*~*~tactically~*~*~ (stealth).
 21235 | Orc:1    | 21235 ||| Stepping ~*~*~tactically~*~*~ (hiding).
 21236 | Orc:1    | 21236 ||| INVOKING Heroism.
 21237 | Orc:1    | 21237 ||| Stepping ~*~*~tactically~*~*~ (stealth).
 21238 | Orc:1    | 21238 ||| Stepping ~*~*~tactically~*~*~ (hiding).
 21240 | Orc:1    | 21240 ||| Stepping ~*~*~tactically~*~*~ (hiding).
 21321 | Orc:1    | 21321 ||| Stepping ~*~*~tactically~*~*~ (stealth).
 21326 | Orc:1    | 21326 ||| Stepping ~*~*~tactically~*~*~ (stealth).
 21425 | Orc:1    | 21425 ||| Stepping ~*~*~tactically~*~*~ (stealth).
 21427 | Orc:1    | 21427 ||| Stepping ~*~*~tactically~*~*~ (hiding).
 21445 | Orc:1    | 21445 ||| Stepping ~*~*~tactically~*~*~ (stealth).
 21447 | Orc:1    | 21447 ||| Stepping ~*~*~tactically~*~*~ (hiding).
 21452 | Orc:1    | 21452 ||| INVOKING Heroism.
 21465 | Orc:1    | 21465 ||| Stepping ~*~*~tactically~*~*~ (hiding).
 21554 | Orc:1    | 21554 ||| Stepping ~*~*~tactically~*~*~ (stealth).
 21556 | Orc:1    | 21556 ||| Stepping ~*~*~tactically~*~*~ (stealth).
 21631 | Orc:1    | 21631 ||| Stepping ~*~*~tactically~*~*~ (stealth).
 21633 | Orc:1    | 21633 ||| Stepping ~*~*~tactically~*~*~ (stealth).
 21634 | Orc:1    | 21634 ||| Stepping ~*~*~tactically~*~*~ (stealth).
 21635 | Orc:1    | 21635 ||| Stepping ~*~*~tactically~*~*~ (hiding).
 21638 | Orc:1    | 21638 ||| Stepping ~*~*~tactically~*~*~ (hiding).
 21862 | Orc:1    | 21862 ||| UPGRADING to +2 plate armour of willpower.
 21872 | Orc:1    | 21872 ||| DROPPING +0 plate armour "Erysem" {Dex+5}.
 21873 | Orc:1    | 21873 ||| READING scroll of enchant armour.
 21873 | Orc:1    | 21873 ||| ENCHANTING +2 plate armour of willpower.
 21884 | Orc:2    | Entered Level 2 of the Orcish Mines
 21979 | Orc:2    | 21979 ||| Stepping ~*~*~tactically~*~*~ (hiding).
 21981 | Orc:2    | 21981 ||| Stepping ~*~*~tactically~*~*~ (hiding).
 21984 | Orc:2    | 21984 ||| INVOKING Heroism.
 22016 | Orc:2    | HP: 19/104 [orc priest/divine providence (13)]
 22016 | Orc:2    | HP: 8/104 [orc high priest/divine providence (11)]
 22017 | Orc:2    | 22017 ||| READING 7 scrolls of teleportation.
 22017 | Orc:2    | Killed from afar by an orc priest

Levels and vault maps discovered:
D:1:      dpeg_arrival_snail, layout_basic, minmay_misc_feat_rows
D:2:      layout_rooms, basic_altar, nicolae_elevator_lobby_plus
D:3:      layout_loops_cross, gammafunk_ghost_icy,
          hellmonk_ecumenical_altar_slurped_away
D:4:      layout_rooms, serial_shops, nicolae_shop_crystal,
          ebering_ghost_sewer_d
D:5:      layout_loops_corners, old_standard_altar
D:6:      layout_gridville, minivault_10, nrook_loot_triangle
D:7:      layout_basic, minmay_temple_entry_purple_smoke,
          hellmonk_guarded_unrand_lears
D:8:      nicolae_cairo_tiling_large, layout_basic, st_stairs_10,
          minmay_misc_feat_diagonals, nicolae_titane
D:9:      layout_loops_cross, nicolae_overflow_hallway_of_the_gods,
          minmay_orc_entry_temple_small, serial_shops, shop,
          nicolae_shop_tiny_glass, minmay_statue_crystal_thing
D:10:     layout_long_grid, grunt_temple_overflow_growth_and_decay,
          mainiacjoe_overflow_brackets, trog_hazing_becter, kennysheep_donut
D:11:     layout_layer_cave, erik_lair_orcish_takeover, grunt_potential
D:12:     layout_basic, uniq_snorg, uniq_fannar, uniq_jorgrun
D:13:     layout_basic, uniq_erolcha
D:14:     layout_irregular_city, grunt_vaults_entry_fortified,
          serial_bayou_shore_a, nicolae_elyvilon_temple_path
D:15:     hangedman_depths_entry_try_elsewhere_first, layout_basic,
          hangedman_glass_teeth
Temple:   nicolae_temple_ecumenical_triangle
Lair:1:   layout_hall_layers, hangedman_tree_tricks,
          chequers_serial_rivers_large_a, grunt_megastairs_1
Lair:2:   layout_cave_pods, gammafunk_ghost_ooze, serial_bayou_pond_a,
          lemuel_fruit_fields
Lair:3:   regret_index_combs_of_tragedy, layout_gridlike,
          palyth_hydra_swamp_entry, nicolae_spider_entry_lesser_pyramids,
          serial_bayou_pond_a, uniq_amaemon, uniq_gastronok, uniq_nergalle,
          uniq_nessos
Lair:4:   layout_regular_city
Lair:5:   minmay_lair_end_frog_pond, layout_cave_pods,
          minmay_slime_entry_jelly_boxes, enter_volcano_2
Orc:1:    layout_caves, led_sif_book, uniq_urug
Orc:2:    st_orc_mages, layout_caves, basic_altar, serial_shops,
          nicolae_shop_industrial_runoff, uniq_rupert

Skill      XL: |  1  2  3  4  5  6  7  8  9 10 11 12 13 14 15 16 |
---------------+-------------------------------------------------+-----
Axes           | 2 3 4 5 6 7 8 9 11 12 13 15 16 17 | 17.0
Fighting       | 4 5 6 7 9 10 11 12 13 | 13.0
Dodging        | 1 2 4 |  4.2
Throwing       | 1 4 5 |  5.0
Armour         | 5 6 7 8 9 10 11 | 11.9
Shields        | 4 5 10 11 12 13 | 13.0
Invocations    | 4 9 10 | 10.1

Action                     |  1- 3 |  4- 6 |  7- 9 | 10-12 | 13-15 | 16-18 || total
---------------------------+-------+-------+-------+-------+-------+-------++-------
  Melee: War axe           |   120 |   179 |       |    76 |    78 |       ||   453
         Hand axe          |       |    23 |   379 |   619 |       |       ||  1021
         Broad axe         |       |       |       |       |   844 |   181 ||  1025
  Throw: Boomerang         |       |     1 |    29 |    93 |    74 |     4 ||   201
         Javelin           |       |       |       |       |    44 |     9 ||    53
 Invoke: Heroism           |       |       |     3 |    22 |    26 |     8 ||    59
         Finesse           |       |       |       |     1 |     4 |     1 ||     6
    Use: Scroll            |     1 |     9 |     5 |    16 |     6 |     3 ||    40
         Potion            |       |     2 |     2 |     6 |       |       ||    10
 Armour: Scale mail        |    64 |   103 |    27 |       |       |       ||   194
         Chain mail        |       |       |    49 |       |       |       ||    49
         Plate armour      |       |       |   162 |   358 |   418 |    58 ||   996
  Dodge: Dodged            |    68 |    94 |   153 |   236 |   286 |    38 ||   875
  Block: Buckler           |    25 |    32 |    69 |    55 |       |       ||   181
         Kite shield       |       |       |       |   248 |   525 |    88 ||   861

Table legend:
 A = Non-vault XP
 B = Vault XP
 C = Vault XP percentage of total XP
 D = Non-vault monster count
 E = Vault monster count
 F = Vault count percentage of total count
                 A         B        C        D         E       F
            +---------+---------+-------+---------+---------+-------
      Total |   97965 |   49049 |  33.4 |     528 |     202 |  27.7
            +---------+---------+-------+---------+---------+-------
        D:1 |      51 |       0 |   0.0 |      28 |       0 |   0.0
        D:2 |      53 |       0 |   0.0 |      20 |       0 |   0.0
        D:3 |      88 |       2 |   2.2 |      15 |       1 |   6.2
        D:4 |     357 |       0 |   0.0 |      31 |       0 |   0.0
        D:5 |     242 |       0 |   0.0 |      19 |       0 |   0.0
        D:6 |     757 |       0 |   0.0 |      19 |       0 |   0.0
        D:7 |    1580 |     408 |  20.5 |      24 |       3 |  11.1
        D:8 |    1120 |     183 |  14.0 |      24 |       1 |   4.0
        D:9 |    3451 |     230 |   6.2 |      32 |       9 |  22.0
       D:10 |    2032 |       6 |   0.3 |      20 |       4 |  16.7
       D:11 |    1535 |    3308 |  68.3 |      11 |      23 |  67.6
       D:12 |    5251 |    3699 |  41.3 |      22 |       3 |  12.0
       D:13 |    6870 |     874 |  11.3 |      19 |       1 |   5.0
       D:14 |   13727 |    6546 |  32.3 |      29 |      11 |  27.5
       D:15 |   11147 |    2003 |  15.2 |      26 |       3 |  10.3
     Lair:1 |    7233 |    1450 |  16.7 |      27 |       4 |  12.9
     Lair:2 |    4563 |       0 |   0.0 |      17 |       0 |   0.0
     Lair:3 |    4397 |   16361 |  78.8 |      16 |      65 |  80.2
     Lair:4 |    4052 |       0 |   0.0 |      14 |       0 |   0.0
     Lair:5 |   23126 |   11475 |  33.2 |      63 |      53 |  45.7
      Orc:1 |    4150 |     862 |  17.2 |      46 |       3 |   6.1
      Orc:2 |       0 |    1642 | 100.0 |       0 |      18 | 100.0
    Abyss:2 |    2183 |       0 |   0.0 |       6 |       0 |   0.0
            +---------+---------+-------+---------+---------+-------
